 Dungeon Crawl Stone Soup version 0.27-a0-926-g0e6d9124c6 (console) character file.

Game seed: 2181393366020339493

16 Morrissey the Skirmisher (level 2, -1/27 HPs)
             Began as a Hill Orc Fighter on Apr 10, 2021.
             Succumbed to a goblin's poison
             ... on level 1 of the Dungeon.
             The game lasted 00:00:46 (617 turns).

Morrissey the Skirmisher (Hill Orc Fighter)          Turns: 617, Time: 00:00:46

Health: -1/27      AC:  6    Str: 18    XL:     2   Next: 58%
Magic:  2/2        EV:  9    Int:  8    God:
Gold:   19         SH:  0    Dex: 10    Spells: 1/1 levels left

rFire    . . .     SeeInvis .   a - +0 war axe
rCold    . . .     Faith    .   (no shield)
rNeg     . . .     Spirit   .   b - +0 scale mail
rPois    .         Reflect  .   (no helmet)
rElec    .         Harm     .   (no cloak)
rCorr    .         Rampage  .   (no gloves)
Will     .....                  (no boots)
Stlth    ..........             (no amulet)
HPRegen  0.09/turn              (no ring)
MPRegen  0.08/turn              (no ring)

@: mighty, lethally poisoned (-1 -> -7)
A: no striking features
a: no special abilities


You were on level 1 of the Dungeon.
You visited 1 branch of the dungeon, and saw 1 of its levels.

You collected 19 gold pieces.

Inventory:

Hand Weapons
 a - a +0 war axe (weapon)
Armour
 b - a +0 scale mail (worn)
 c - a +0 kite shield
Magical Staves
 e - a staff of poison
Scrolls
 f - a scroll of identify {unknown}
 g - a scroll of holy word {unknown}


   Skills:
 + Level 3.8 Fighting
 * Level 3.3 Axes
 * Level 3.6 Armour
 - Level 3.3 Shields


You had one spell level left.
You didn't know any spells.
Your spell library was empty.

Dungeon Overview and Level Annotations

Branches:
Dungeon (1/15)

Altars:


Message History

You slash the ball python!
You kill the ball python!
The goblin hits you with a +0 club.
You miss the goblin. The goblin barely misses you.
You slash the goblin!
You kill the goblin!
You see here a +0 club.
You see here a +0 club.
A goblin comes into view. It is wielding a +2 dagger of venom.
The goblin shouts!
Found 10 gold pieces.
The goblin hits you but does no damage.
You are poisoned.
Found a scroll labelled DOUNEI MENIAMUEMUA.
You closely miss the goblin.
You feel very sick. The goblin hits you but does no damage.
You are more poisoned.
Your scale mail prevents you from hitting the goblin.
You feel very sick.
The goblin hits you with a +2 dagger of venom.
You are lethally poisoned!
You hit the goblin.
You kill the goblin!
* * * LOW HITPOINT WARNING * * *
You feel very sick.
* * * LOW HITPOINT WARNING * * *
You feel very sick.
Things that are here:
a +2 dagger of venom; a goblin corpse
* * * LOW HITPOINT WARNING * * *
You feel very sick.
You feel very mighty all of a sudden.
* * * LOW HITPOINT WARNING * * *
You feel sick.
* * * LOW HITPOINT WARNING * * *
You feel sick.
Things that are here:
a +2 dagger of venom; a goblin corpse You die...

# # # # ####
#################
#...
........)@......#
#.##
..?$#####.#####.#
#.## # #.# #.#
##.## #.#
#.######.#.# #.#
##.##...)###.
#.####...#.###.#.#
...........# ##.##
##.###...###....#
##..........


There were no monsters in sight!

Vanquished Creatures
  A ball python (D:1)
  3 goblins (D:1)
  3 hobgoblins (D:1)
  3 jackals (D:1)
  A bat (D:1)
  A frilled lizard (D:1)
  A kobold (D:1)
  2 rats (D:1)
15 creatures vanquished.

Notes
Turn   | Place    | Note
-------+----------+-------------------------------------------
     0 | D:1      | Morrissey the Hill Orc Fighter began the quest for the Orb.
     0 | D:1      | Reached XP level 1. HP: 19/19 MP: 1/1
   332 | D:1      | Reached XP level 2. HP: 22/27 MP: 2/2
   616 | D:1      | HP: 1/27 [poisoned by a goblin]
   617 | D:1      | Succumbed to a goblin's poison

Illustrated notes

Levels and vault maps discovered:
D:1:      matt_arrival_refuge, layout_loops_ring, minmay_indecisive_spiral

Skill      XL: |  1 |
---------------+----+-----
Axes           | 3 |  3.3
Fighting       | |  3.8
Armour         | |  3.6
Shields        | |  3.3

Action                   || total
-------------------------++-------
Melee: War axe           ||    39
  Use: Potion            ||     1
Armor: Scale mail        ||    20
Dodge: Dodged            ||    20
Block: Kite shield       ||    15

Table legend: (Time is in decaauts)
 A = Elapsed time spent in this place.
 B = Non-inter-level travel time spent in this place.
 C = Inter-level travel time spent in this place.
 D = Time resting spent in this place.
 E = Time spent auto-exploring this place.
 F = Levels seen in this place.
 G = Mean time per level.
                   A        B        C        D        E       F      G
               +--------+--------+--------+--------+--------+-----+--------+
         Total |    635 |    635 |      0 |    152 |    369 |   1 |  635.0 |
       Dungeon |    635 |    635 |      0 |    152 |    369 |   1 |  635.0 |
               +--------+--------+--------+--------+--------+-----+--------+

Top non-repeatable levels by time:
     D:1: 635 daAuts
